AoeStats
← 不要忘了我们曾经为何而战

Arabia

510112676Analyzed
1v1 RM · 20h ago on Sep 29, 2026· 63m 40s· 2 players
Game mode
Random Map
Map size
Tiny (2 player)
Population
200
Speed
Normal
Resources
Standard
Victory
Conquest
Starting age
Dark Age
Ending age
Imperial Age
RankedLock teamsTeams togetherTeam positionsShared explorationLock speedFull tech treeHidden civsTurbo modeCheats
Victory
Defeat
🇵🇪 Mongols · Peru
1238
+15
不要忘了我们曾经为何而战
6:48 Loom
9:53 Feudal Age
12:28 Double-Bit Axe
12:25 Horse Collar
15:48 Fletching
22:13 Castle Age
20:15 Gold Mining
21:19 Padded Archer Armor
21:13 Stone Mining
22:23 Forging
22:55 Bodkin Arrow
22:45 Crossbowman
23:44 Bow Saw
24:25 Heavy Plow
28:09 Scale Barding Armor
29:48 Leather Archer Armor
29:53 Redemption
30:33 Wheelbarrow
33:12 Imperial Age
30:15 Light Cavalry
31:43 Chain Barding Armor
31:14 Elite Skirmisher
33:02 Gold Shaft Mining
32:42 Husbandry
33:20 Iron Casting
33:29 Hand Cart
34:18 Conscription
37:34 Bracer
42:09 Chemistry
41:04 Heavy Camel Rider
44:15 Ring Archer Armor
44:11 Murder Holes
45:19 Plate Barding Armor
47:40 Two-Man Saw
47:26 Treadmill Crane
50:39 Ballistics
56:00 Fortified Wall
56:22 Guard Tower
WALLS
7:15 Loom
9:02 Feudal Age
10:10 Double-Bit Axe
19:49 Castle Age
17:49 Gold Mining
17:47 Horse Collar
19:51 Fletching
20:02 Padded Archer Armor
20:42 Bow Saw
21:17 Bloodlines
25:53 Wheelbarrow
28:32 Gold Shaft Mining
28:21 Bodkin Arrow
29:07 Heavy Plow
29:43 Stone Mining
31:47 Hand Cart
34:48 Imperial Age
33:20 Leather Archer Armor
35:04 Thumb Ring
36:11 Parthian Tactics
35:07 Heavy Cavalry Archer
36:56 Chemistry
36:34 Conscription
37:45 Drill
37:42 Masonry
37:37 Husbandry
37:15 Onager
39:34 Bracer
40:21 Stone Shaft Mining
39:16 Siege Onager
40:28 Ballistics
40:14 Siege Engineers
42:57 Town Watch
47:35 Town Patrol
48:29 Hoardings
47:58 Nomads
48:52 Murder Holes
Connection lost

Rejoining the realm…

Still unreachable

The connection could not be restored.

Session expired

The server has moved on; the page needs a fresh start.